 Dungeon Crawl Stone Soup version 0.19-a0-1670-gc28a5d9 (webtiles) character file.

229 Psiweapon the Ruffian (level 6, 0/50 HPs)
             Began as a Ghoul Warper on Sept 17, 2016.
             Slain by an ice beast (4 damage)
             ... on level 5 of the Dungeon on Sept 22, 2016.
             The game lasted 00:14:18 (2836 turns).

Psiweapon the Ruffian (Ghoul Warper)                Turns: 2836, Time: 00:14:19

Health: 0/50       AC:  5    Str: 15    XL:     6   Next: 3%
Magic:  8/8        EV: 11    Int:  9    God:
Gold:   69         SH:  6    Dex:  9    Spells: 2 memorised, 6 levels left

rFire  . . .     SeeInvis +       - Unarmed
rCold  + . .     Gourm    .     n - +0 ring mail
rNeg   + + +     Faith    .     (no shield)
rPois  ∞         Spirit   .     (no helmet)
rElec  .         Dismiss  .     (no cloak)
rCorr  .         Reflect  +     (no gloves)
MR     +....     Harm     .     (no boots)
Stlth  ..........               u - +6 amulet of reflection
                                v - ring of see invisible
                                i - ring of protection from magic

@: very slightly contaminated, rotting, hasted, very quick
A: rotting body, claws 1, carnivore 3, cold resistance 1, negative energy
resistance 3, slow regeneration 1, torment resistance, unbreathing
a: no special abilities


You were on level 5 of the Dungeon.
You were not hungry.

You visited 1 branch of the dungeon, and saw 5 of its levels.

You collected 69 gold pieces.

Inventory:

Hand Weapons
 p - a +2 dagger of electrocution
Missiles
 d - 4 tomahawks of dispersal (quivered)
 g - 103 stones
 t - a throwing net
 x - 16 bolts
 y - 3 tomahawks
Armour
 a - a +0 leather armour
 l - a +0 pair of gloves
 n - a +0 ring mail (worn)
Jewellery
 i - a ring of protection from magic (left claw)
 u - a +6 amulet of reflection (around neck)
 v - a ring of see invisible (right claw)
Scrolls
 c - a scroll of blinking
 e - a scroll of recharging {unknown}
 h - a scroll of enchant weapon {unknown}
 k - 2 scrolls of remove curse
 m - 3 scrolls of identify
 r - a scroll of immolation {unknown}
 s - a scroll of amnesia {unknown}
Potions
 j - a potion of heal wounds {unknown}
 w - 2 potions of cancellation
Books
 b - a book of Spatial Translocations

   Spells                             Type                      Level
   a - Apportation                    Translocation                1
   b - Blink                          Translocation                2
   c - Shroud of Golubria             Charms/Translocation         2
   d - Portal Projectile              Translocation                3
   e - Teleport Other                 Translocation                3
   f - Passage of Golubria            Translocation                4
Comestibles
 f - 2 meat rations


   Skills:
 - Level 2.4 Fighting
 - Level 0.8 Throwing
 - Level 1.9 Armour
 - Level 2.2 Dodging
 + Level 5.5 Unarmed Combat
 - Level 2.0 Spellcasting
 - Level 3.0 Translocations


You had 6 spell levels left.
You knew the following spells:

 Your Spells              Type           Power        Failure   Level  Hunger
a - Apportation           Tloc           #.........   21%         1    ##.....
b - Blink                 Tloc           N/A          28%         2    ###....


Dungeon Overview and Level Annotations

Branches:
Dungeon (5/15)
 Temple: D:4-7

Altars:

Annotations:
D:2 exclusion: downstairs
D:3 Psiweapon's ghost, amateur KoHu
D:4 Pikel


Innate Abilities, Weirdness & Mutations

Your body is rotting away.
You thrive on raw meat.
You are immune to poison.
You have sharp fingernails.
You are carnivorous and can eat meat at any time.
Your flesh is cold resistant. (rC+)
You are immune to negative energy. (rN+++)
You regenerate slowly when monsters are visible.
You are immune to unholy pain and torment.
You can survive without breathing.


Message History

There is a stone staircase leading down here.
You climb downwards.
An adder and an ice beast come into view.
The adder hisses angrily.
Found 14 gold pieces and 20 sling bullets.
Found a stone staircase leading down.
There is a stone staircase leading up here.
You closely miss the ice beast. You closely miss the ice beast.
The ice beast closely misses you.
You scratch the ice beast.
The ice beast is lightly wounded.
You scratch the ice beast.
The ice beast is lightly wounded.
The ice beast barely misses you.
You claw the ice beast!
The ice beast is severely wounded.
You scratch the ice beast.
The ice beast is severely wounded.
The ice beast hits you.
You die...

##########
#.@.......
#.Y.......
#........$
#.........
..S.>.....
...........
(#.........
#...........


You could see an ice beast and an adder.

Vanquished Creatures
  A slave (D:4)
  An ogre (D:4)
  A howler monkey skeleton (D:4)
  3 adders
  A worm (D:3)
  A dart slug (D:1)
  A leopard gecko (D:1)
  12 orcs
  10 giant cockroaches
  4 goblins
  9 hobgoblins
  16 jackals
  6 kobolds
  7 bats
  5 frilled lizards
  6 rats
84 creatures vanquished.

Notes
Turn   | Place    | Note
-------+----------+-------------------------------------------
     0 | D:1      | Psiweapon the Ghoul Warper began the quest for the Orb.
     0 | D:1      | Reached XP level 1. HP: 17/17 MP: 2/2
   300 | D:1      | Reached XP level 2. HP: 24/24 MP: 3/3
   726 | D:1      | Reached skill level 1 in Armour
   963 | D:1      | Reached XP level 3. HP: 29/30 MP: 5/5
   967 | D:1      | Learned a level 2 spell: Blink
  1239 | D:1      | Reached skill level 3 in Unarmed Combat
  1549 | D:3      | Noticed Psiweapon's ghost (amateur KoHu)
  1580 | D:2      | Reached XP level 4. HP: 14/37 MP: 6/6
  1781 | D:2      | Upgraded the game from 0.19-a0-1596-g2f379c2 to 0.19-a0-1670-gc28a5d9
  2338 | D:4      | Reached skill level 4 in Unarmed Combat
  2370 | D:4      | Reached XP level 5. HP: 42/42 MP: 7/7
  2508 | D:4      | Noticed Pikel
  2508 | D:4      | Noticed a slave
  2508 | D:4      | Noticed a slave
  2508 | D:4      | Noticed a slave
  2580 | D:3      | HP: 2/42 [Psiweapon's ghost (3)]
  2745 | D:3      | You fall through a shaft!
  2750 | D:4      | Noticed an ogre
  2760 | D:4      | Killed an ogre
  2760 | D:4      | Reached skill level 5 in Unarmed Combat
  2760 | D:4      | Reached XP level 6. HP: 29/49 MP: 8/8
  2805 | D:4      | Killed a slave
  2810 | D:4      | Noticed a slave
  2830 | D:5      | Entered Level 5 of the Dungeon
  2830 | D:5      | Noticed an ice beast
  2836 | D:5      | Slain by an ice beast

Vault maps used:
D:1:      dpeg_arrival_pond, minmay_small_reverse_x
D:3:      minmay_misc_feat_doors
D:4:      first_bread, uniq_pikel
D:5:      kennysheep_mini_moat, nicolae_overflow_hidden_temple, led_sif_pool

Skill      XL: |  1  2  3  4  5 |
---------------+----------------+-----
Translocations | 3 |  3.0
Armour         | 1 |  1.9
Spellcasting   | 2 |  2.0
Unarmed Combat | 3 4 5 |  5.5
Dodging        | 2 |  2.2
Fighting       | |  2.4
Throwing       | |  0.8

Action                   |  1- 3 |  4- 6 || total
-------------------------+-------+-------++-------
Melee: Unarmed           |   187 |   206 ||   393
       Punch             |     1 |     2 ||     3
Throw: Tomahawk          |       |     1 ||     1
 Cast: Blink             |       |     5 ||     5
  Use: Scroll            |       |     4 ||     4
       Potion            |       |     1 ||     1
  Eat: Chunk             |    16 |    28 ||    44
Armor: Leather armour    |     1 |       ||     1
       Ring mail         |    64 |    43 ||   107
Dodge: Dodged            |    92 |    82 ||   174
Block: Other             |     4 |    40 ||    44
       Reflection        |       |     1 ||     1
